[Event "Juniorallsvenskan 2019, Division 1 and 2"]
[Site "Molnlycke kulturhus, Biblioteksgatan 2, Molnlycke, Sweden"]
[Date "2019.11.22"]
[Round "1.1"]
[White "Troberg Eskola, Love"]
[Black "Storme, Isak"]
[Result "0-1"]
[TimeControl "90 minutes + 30 seconds per move from move one"]
[BlackTitle "FM"]
[WhiteFideId "1724185"]
[BlackFideId "1728113"]
[WhiteElo "2096"]
[BlackElo "2229"]

1. Nf3 d5 2. c4 e6 3. g3 dxc4 4. Qa4+ Nd7 5. Qxc4 c5 6. Bg2 Ngf6 7. O-O b6 8. b3 Bb7 9. Bb2 Be7 10.
d3 O-O 11. Nbd2 Qc7 12. Rac1 Rac8 13. d4 Bd5 14. Qd3 Qb7 15. Nh4 Rfd8 16. Bxd5 Qxd5 17. Nhf3 Qh5 18. Qa6 Rc7 19. b4 Nb8 20.
Qa4 Rb7 21. dxc5 bxc5 22. b5 Nbd7 23. Nc4 Rdb8 24. Be5 Nxe5 25. Ncxe5 Bf8 26. Nc6 Ra8 27. Qa6 Rb6 28. Qa5 Nd5 29.
a4 Nb4 30. Nxb4 cxb4 31. Rc7 e5 32. Rc6 Rb7 33. b6 Rbb8 34. bxa7 Rb7 35. Ra6 f6 36. Rd1 Qf7 37. Rd8 Rxd8 38.
Qxd8 Rxa7 39. Rxa7 Qxa7 40. a5 Qb7 41. Nd2 Kf7 42. Nb3 Be7 43. Qd3 g6 44. a6 Qc6 45. e4 Ke8 46. a7 Qb7 47.
Qe3 Qa6 48. Kg2 Bd6 49. f3 Kd8 50. Nc5 Qa2+ 51. Kh3 Kc8 52. Qb3 Qxa7 53. Qg8+ Kc7 54. Qf7+ Kb6 55. Nd7+ Kb5 56. Qd5+ Bc5 57.
Kh4 Qc7 58. Nxf6 Qd6 59. Qb7+ Kc4 60. Nd5 h6 61. g4 b3 62. h3 Bf2 0-1

[Event "Juniorallsvenskan 2019, Division 1 and 2"]
[Site "Molnlycke kulturhus, Biblioteksgatan 2, Molnlycke, Sweden"]
[Date "2019.11.22"]
[Round "1.2"]
[White "Rasti, Arvin"]
[Black "Torngren, Gustav"]
[Result "1/2-1/2"]
[TimeControl "90 minutes + 30 seconds per move from move one"]
[BlackTitle "CM"]
[WhiteFideId "1741160"]
[BlackFideId "1728970"]
[WhiteElo "2206"]
[BlackElo "2247"]

1. Nf3 g6 2. d4 Nf6 3. c4 c5 4. d5 Bg7 5. Nc3 d6 6. h3 O-O 7. e4 e6 8. Bd3 Na6 9. O-O Nc7 10.
a4 Na6 11. Bb1 e5 12. Bg5 Kh8 13. Qd2 Rg8 14. Ne1 Qf8 15. f4 exf4 16. Bxf4 Nd7 17. Nf3 Qe7 18. Bg5 f6 19. Bh4 Nb4 20.
Bd3 Ne5 21. Nxe5 Qxe5 22. Rf3 Bd7 23. Bg3 Qd4+ 24. Bf2 Qe5 25. Bg3 Qd4+ 26. Kh1 Nxd3 27. Qxd3 Qxd3 28. Rxd3 f5 29. exf5 Bxf5 30.
Re3 Rge8 31. Rae1 Rxe3 32. Rxe3 Bxc3 33. Rxc3 Rd8 34. Re3 Rd7 35. Bf4 Kg7 36. a5 1/2-1/2

[Event "Juniorallsvenskan 2019, Division 1 and 2"]
[Site "Molnlycke kulturhus, Biblioteksgatan 2, Molnlycke, Sweden"]
[Date "2019.11.22"]
[Round "1.3"]
[White "Aira, Leonardo"]
[Black "Strom-Engdahl, Alexander"]
[Result "0-1"]
[TimeControl "90 minutes + 30 seconds per move from move one"]
[WhiteFideId "1721097"]
[BlackFideId "1741586"]
[WhiteElo "1955"]
[BlackElo "1940"]

1. e4 e5 2. f4 exf4 3. Bc4 d6 4.
Nf3 Nf6 5. Nc3 Be7 6. O-O c6 7. a4 O-O 8. d4 d5 9. exd5 cxd5 10. Bd3 Bg4 11. Ne2 Nc6 12. c3 Bd6 13. Bxf4 Qc7 14.
Bxd6 Qxd6 15. Qe1 Rfe8 16. Qh4 Re3 17. Rad1 h6 18. Ng3 Ne7 19. Bc2 Ng6 20. Bxg6 fxg6 21. Nh1 Rae8 22. Rde1 Bxf3 23.
gxf3 g5 24. Qg3 Qxg3+ 25. Nxg3 Rxe1 26. Kf2 Rxf1+ 27. Kxf1 g6 28. Kf2 Nh5 29. Ne2 Rxe2+ 0-1

[Event "Juniorallsvenskan 2019, Division 1 and 2"]
[Site "Molnlycke kulturhus, Biblioteksgatan 2, Molnlycke, Sweden"]
[Date "2019.11.22"]
[Round "1.4"]
[White "Lindholm, Gustav"]
[Black "Olsson, William"]
[Result "0-1"]
[TimeControl "90 minutes + 30 seconds per move from move one"]
[WhiteFideId "1736515"]
[BlackFideId "1741721"]
[WhiteElo "1922"]
[BlackElo "2035"]

1. d4 d5 2. c4 c6 3. Nf3 Nf6 4. Nc3 e6 5. Bg5 h6 6. Bxf6 Qxf6 7. e3 Bd6 8. Bd3 Qe7 9. O-O Nd7 10.
Qe2 dxc4 11. Bxc4 O-O 12. e4 e5 13. d5 c5 14. Nd2 Nf6 15. Nb5 Bb8 16. a4 Ne8 17. Qe3 Bd7 18. Nb3 b6 19.
a5 Nd6 20. Nxd6 Bxd6 21. Qd3 Rab8 22. axb6 axb6 23. Bb5 Rfc8 24. Nd2 Rc7 25. Ra2 Qe8 26. Bxd7 Qxd7 27. Nc4 b5 28. Nxd6 Qxd6 29.
Rfa1 c4 30. Qg3 Rcb7 31. Ra6 Rb6 32. Rxb6 Rxb6 33. Ra8+ Rb8 34. Rxb8+ Qxb8 35. Qc3 Qd6 36. Qa5 b4 37. Qa8+ Kh7 38.
Qc8 c3 39. bxc3 b3 40. Qf5+ Qg6 41. Qf3 b2 42. Qd3 Qg5 0-1

[Event "Juniorallsvenskan 2019, Division 1 and 2"]
[Site "Molnlycke kulturhus, Biblioteksgatan 2, Molnlycke, Sweden"]
[Date "2019.11.22"]
[Round "1.5"]
[White "Pantzar, Milton"]
[Black "Crevatin, Leo"]
[Result "0-1"]
[TimeControl "90 minutes + 30 seconds per move from move one"]
[WhiteTitle "FM"]
[BlackTitle "CM"]
[WhiteFideId "1721003"]
[BlackFideId "1726307"]
[WhiteElo "2406"]
[BlackElo "2231"]

1. d4 d5 2. c4 e6 3. Nc3 a6 4. cxd5 exd5 5. Bf4 Nf6 6. e3 Bd6 7. Bg5 c6 8. Bd3 Be6 9. Nge2 h6 10.
Bh4 Nbd7 11. f3 Qc7 12. h3 g5 13. Bf2 h5 14. e4 Be7 15. Rc1 Rc8 16. e5 Ng8 17. h4 gxh4 18. Bxh4 c5 19.
f4 Bxh4+ 20. Rxh4 Ne7 21. a3 Qa5 22. Kf1 Bg4 23. Qe1 Qb6 24. b4 cxd4 25. Na4 Rxc1 26. Qxc1 Qc6 27. Qxc6 Nxc6 28.
b5 axb5 29. Bxb5 Ke7 30. Nb2 Ra8 31. a4 Nc5 32. Ng3 Ne4 33. Ne2 Nc3 34. Ng3 Nxb5 35. axb5 Ra1+ 36. Kf2 Ra2 37. bxc6 Rxb2+ 38. Ke1 bxc6 39. Nxh5 Bxh5 40. Rxh5 Rxg2 41. Rh6 Rg6 42. Rh4 Ke6 43. Rh5 Rg4 44. Rh6+ Ke7 45. Rf6 Rg6 46. Rf5 f6 47.
Kd2 Rh6 48. exf6+ Rxf6 49. Rh5 Rxf4 50. Kd3 Kd6 51. Rh6+ Kc5 52. Rh3 Re4 53. Kd2 Kc4 54. Rh1 Re3 55. Rc1+ Rc3 56. Ra1 c5 57. Ra4+ Kb5 58. Ra8 Rh3 59.
Ra7 c4 60. Rb7+ Kc6 61. Rb8 Rh2+ 62. Kd1 d3 63. Rc8+ Kd6 64. Rd8+ Kc5 65. Rg8 Kd4 66. Rg1 Kc3 67. Kc1 d4 68.
Rf1 Re2 69. Kb1 d2 70. Rf3+ Re3 0-1

[Event "Juniorallsvenskan 2019, Division 1 and 2"]
[Site "Molnlycke kulturhus, Biblioteksgatan 2, Molnlycke, Sweden"]
[Date "2019.11.22"]
[Round "1.6"]
[White "Sorensen, Hampus"]
[Black "Carlsson, Ludvig"]
[Result "1-0"]
[TimeControl "90 minutes + 30 seconds per move from move one"]
[WhiteTitle "FM"]
[BlackTitle "CM"]
[WhiteFideId "8703884"]
[BlackFideId "1727010"]
[WhiteElo "2365"]
[BlackElo "2146"]

1. d4 e6 2. c4 Bb4+ 3. Bd2 Bxd2+ 4. Qxd2 Nf6 5. g3 O-O 6. Bg2 d5 7. Nf3 c6 8. O-O b6 9. Ne5 Bb7 10.
Nc3 Nfd7 11. cxd5 cxd5 12. f4 f5 13. Rfc1 Nxe5 14. dxe5 Qd7 15. a4 Ba6 16. a5 Bb7 17. e3 Rc8 18.
Bf1 Na6 19. Nb5 Nc5 20. Nd4 Ba6 21. Bxa6 Nxa6 22. Rxc8+ Qxc8 23. Rc1 Qe8 24. Qc3 Nc5 25. b4 Ne4 26. Qc6 bxa5 27. bxa5 Qxc6 28.
Rxc6 Rb8 29. Nxe6 Rb1+ 30. Kg2 Rb2+ 31. Kf1 h6 32. Rc7 g5 33. Nd4 Rxh2 34. Nxf5 g4 35. e6 Nd2+ 36. Ke1 Nf3+ 37.
Kd1 d4 38. exd4 Rh1+ 39. Kc2 Re1 40. e7 h5 41. Rc8+ Kf7 42. e8=Q+ 1-0

[Event "Juniorallsvenskan 2019, Division 1 and 2"]
[Site "Molnlycke kulturhus, Biblioteksgatan 2, Molnlycke, Sweden"]
[Date "2019.11.22"]
[Round "1.7"]
[White "Petersson, Baldur Teodor"]
[Black "Berglind, Axel"]
[Result "1-0"]
[TimeControl "90 minutes + 30 seconds per move from move one"]
[WhiteTitle "CM"]
[WhiteFideId "2309157"]
[BlackFideId "1720228"]
[WhiteElo "2216"]
[BlackElo "2062"]

1. e4 c5 2. Nf3 d6 3. d3 Nc6 4. g3 g6 5. Bg2 Bg7 6. O-O Bd7 7. c3 Qc8 8. Re1 Bh3 9. Bh1 h5 10.
Ng5 Bg4 11. Qb3 Ne5 12. f4 c4 13. dxc4 Nd3 14. Qb5+ Bd7 15. Qd5 Nxe1 16. Qxf7+ Kd8 17. Qxg7 Qc5+ 18. Qd4 Kc7 19. Na3 Qxd4+ 20. cxd4 Nd3 21. e5 Nxc1 22. Rxc1 dxe5 23. fxe5 h4 24. Bf3 hxg3 25. hxg3 Rf8 26. Nb5+ Kb6 27. Nc3 Rf5 28. Nd5+ Ka6 29.
Rc3 b5 30. Ne4 bxc4 31. Nc5+ Kb5 32. Nxd7 Rxf3 33. Rxf3 Kc6 34. Rf8 Kxd5 35. Rd8 Kxd4 36. e6 Ke4 37. Nf6+ Kf5 38. Rxg8 Rh6 39.
Nd5 Kxe6 40. Nf4+ Kf7 41. Rc8 g5 42. Nd5 Rd6 43. Ne3 Rd3 44. Nxc4 Rxg3+ 45. Kf2 Rh3 46. Rc7 Rh4 47. a4 Ke6 48.
a5 Kd5 49. Ne3+ Kd6 50. Rxa7 Rb4 51. Ra6+ Kc5 52. Rb6 Rxb6 53. axb6 Kxb6 54. Ke2 Kc5 55. Kd3 Kb4 56. Kc2 e6 57.
b3 Kc5 58. Kc3 Kd6 59. b4 Ke5 60. b5 Ke4 61. b6 1-0

[Event "Juniorallsvenskan 2019, Division 1 and 2"]
[Site "Molnlycke kulturhus, Biblioteksgatan 2, Molnlycke, Sweden"]
[Date "2019.11.22"]
[Round "1.8"]
[White "Narva, David"]
[Black "Emmoth, Alfons"]
[Result "0-1"]
[TimeControl "90 minutes + 30 seconds per move from move one"]
[WhiteFideId "24128856"]
[BlackFideId "1718266"]
[WhiteElo "1979"]
[BlackElo "2066"]

1. e4 e6 2. Nf3 d5 3. e5 c5 4. c3 Nc6 5. Na3 Bd7 6. Nc2 Nge7 7. d4 Nc8 8. Bd3 cxd4 9. cxd4 b5 10.
O-O Be7 11. Nfe1 O-O 12. f4 f5 13. exf6 Bxf6 14. Nf3 Qb6 15. Be3 Nd6 16. Ne5 Be8 17. Qg4 Nf5 18. Qh3 g6 19. Bf2 Rc8 20.
Bxf5 exf5 21. Qb3 Qd8 22. Rac1 Na5 23. Qf3 Nc4 24. Nb4 Bxe5 25. dxe5 Bf7 26. Qe2 Qe7 27. Nd3 Rfe8 28. b3 Nb6 29.
Bd4 Nd7 30. Qf2 a6 31. g4 Be6 32. g5 Qf8 33. Nc5 Nxc5 34. Bxc5 Qf7 35. h4 Rc6 36. Rc3 Rec8 37. b4 Qe8 38.
h5 gxh5 39. Rh3 Bf7 40. Qc2 Qe6 41. Qd3 R8c7 42. Qd4 Rc8 43. Rh2 Bg6 44. Ra1 Bf7 45. a4 bxa4 46. Rxa4 Qd7 47. Rha2 Qb7 48.
Qd3 d4 49. Ra1 Qd7 50. Qxd4 Qxd4+ 51. Bxd4 Rc1+ 52. Rxc1 Rxc1+ 53. Kf2 Bc4 54. e6 Rf1+ 55. Kg3 h4+ 56. Kg2 Rxf4 57. Ra5 Rxd4 58.
Re5 Re4 0-1

[Event "Juniorallsvenskan 2019, Division 1 and 2"]
[Site "Molnlycke kulturhus, Biblioteksgatan 2, Molnlycke, Sweden"]
[Date "2019.11.22"]
[Round "1.9"]
[White "Nilsson, Joakim"]
[Black "Jogstad, Martin"]
[Result "0-1"]
[TimeControl "90 minutes + 30 seconds per move from move one"]
[WhiteTitle "FM"]
[BlackTitle "FM"]
[WhiteFideId "1723383"]
[BlackFideId "1715364"]
[WhiteElo "2288"]
[BlackElo "2305"]

1. Nf3 Nf6 2. g3 d5 3. c4 c6 4. Bg2 dxc4 5. O-O Nbd7 6. Na3 Nb6 7. Qc2 Qd5 8. b3 Bf5 9. Qd1 cxb3 10.
axb3 e6 11. d3 Qd8 12. Nc4 Be7 13. Na5 Qc8 14. Nd4 O-O 15. Nxf5 exf5 16. Bh3 Rd8 17. Bb2 Ne4 18. Qc2 Ng5 19.
Bg2 Ne6 20. Bh3 Ng5 21. Bg2 Ne6 22. Bh3 g6 23. e3 Nd5 24. Rfd1 Bf6 25. Bxf6 Nxf6 26. Bg2 Qd7 27. Nc4 Nd5 28.
d4 Nec7 29. Ne5 Qd6 30. h4 a6 31. h5 Re8 32. e4 fxe4 33. Bxe4 Kg7 34. Qd2 Rad8 35. Bf3 Qb4 36. Qc2 Qc3 37.
Qe2 f6 38. hxg6 hxg6 39. Be4 fxe5 40. Bxg6 Kxg6 41. Qg4+ Kf6 42. Qh4+ Ke6 43. Re1 Kd7 44. Rac1 Qf3 45. Qh3+ Ne6 46.
Rxe5 Ndf4 0-1

[Event "Juniorallsvenskan 2019, Division 1 and 2"]
[Site "Molnlycke kulturhus, Biblioteksgatan 2, Molnlycke, Sweden"]
[Date "2019.11.22"]
[Round "1.10"]
[White "Bensryd, Hampus"]
[Black "Sundin, Emanuel"]
[Result "1-0"]
[TimeControl "90 minutes + 30 seconds per move from move one"]
[WhiteFideId "1738330"]
[BlackFideId "1719173"]
[WhiteElo "1977"]
[BlackElo "2093"]

1. e4 c5 2. Nc3 g6 3. g3 Bg7 4. Bg2 Nc6 5. d3 d6 6. Nge2 e5 7. O-O Nge7 8. Bg5 O-O 9. Qd2 Be6 10.
Nd5 f6 11. Be3 b5 12. f4 Nd4 13. Nxe7+ Qxe7 14. c3 Nxe2+ 15. Qxe2 Rab8 16. Rfd1 f5 17. exf5 Bxf5 18. Be4 exf4 19.
Bxf4 Qd7 20. Qd2 Rbd8 21. Bg5 Rde8 22. Bxf5 Rxf5 23. Rf1 Rfe5 24. Rae1 Qg4 25. Rxe5 dxe5 26. Be3 c4 27. dxc4 Qxc4 28.
b3 Qc6 29. Bxa7 Rc8 30. Rf2 Qxc3 31. Qxc3 Rxc3 32. Kg2 Rd3 33. Bc5 Rd5 34. Ba3 Bh6 35. Bb2 e4 36. Re2 e3 37. Bc1 Re5 38.
Kf3 Rf5+ 39. Ke4 Rf2 40. Kd3 Kf7 41. Bxe3 Bxe3 42. Kxe3 Rf1 43. Rf2+ Rxf2 44. Kxf2 b4 45. Ke3 Ke6 46.
Kd4 Kf5 47. Kc4 Kg4 48. Kxb4 Kh3 49. a4 Kxh2 50. a5 Kxg3 51. a6 h5 52. a7 h4 53. a8=Q h3 54. Qg8 1-0

[Event "Juniorallsvenskan 2019, Division 1 and 2"]
[Site "Molnlycke kulturhus, Biblioteksgatan 2, Molnlycke, Sweden"]
[Date "2019.11.22"]
[Round "1.11"]
[White "Mitra, Akash"]
[Black "Ulles, Jean-Clement"]
[Result "1-0"]
[TimeControl "90 minutes + 30 seconds per move from move one"]
[WhiteFideId "1726714"]
[BlackFideId "26007029"]
[WhiteElo "1975"]
[BlackElo "1943"]

1. d4 Nf6 2. Bf4 c5 3. d5 b5 4. a4 b4 5. c4 d6 6. Nd2 g6 7. e4 Bg7 8. Rb1 a5 9. Bd3 Nbd7 10.
h3 Bb7 11. Be3 e5 12. f4 exf4 13. Bxf4 Qe7 14. Ngf3 O-O 15. O-O h6 16. Re1 Nh7 17. Re2 Ng5 18. Nxg5 hxg5 19. Be3 Ne5 20.
Nf3 Nxf3+ 21. gxf3 Bc8 22. Rg2 Bxh3 23. Rg3 g4 24. fxg4 Qh4 25. Qf3 Bxg4 26. Qxg4 Qxg4 27. Rxg4 Rae8 28. Bf4 Be5 29. Bxe5 Rxe5 30. Kf2 Kg7 31. Kg3 f5 32.
exf5 Re3+ 33. Kf4 Rxd3 34. Rxg6+ Kf7 35. Rh1 Rd8 36. Rh7+ Kf8 37. Kg5 Rg3+ 38. Kf6 Rxg6+ 39. Kxg6 Kg8 40.
f6 Rf8 41. f7+ Rxf7 42. Rxf7 1-0

[Event "Juniorallsvenskan 2019, Division 1 and 2"]
[Site "Molnlycke kulturhus, Biblioteksgatan 2, Molnlycke, Sweden"]
[Date "2019.11.22"]
[Round "1.12"]
[White "Nord, Alexander"]
[Black "Hall, Alexander"]
[Result "1-0"]
[TimeControl "90 minutes + 30 seconds per move from move one"]
[WhiteFideId "1738135"]
[BlackFideId "1738933"]
[WhiteElo "1845"]
[BlackElo "1887"]

1. d4 Nf6 2. Nf3 g6 3. g3 Bg7 4. Bg2 O-O 5. O-O d5 6. c4 c6 7. cxd5 cxd5 8. Nc3 Nc6 9. Ne5 Nd7 10.
Nxd5 Ndxe5 11. dxe5 Bxe5 12. Bf4 Bxf4 13. Nxf4 Qb6 14. b3 Rd8 15. Qc1 Bd7 16. Nd5 Qa5 17. b4 Qa4 18. b5 Nd4 19.
Nxe7+ Kf8 20. Qg5 Nxe2+ 21. Kh1 Qxb5 22. Nd5 Qb2 23. Rab1 Nxg3+ 24. fxg3 h6 25. Qe7+ 1-0

[Event "Juniorallsvenskan 2019, Division 1 and 2"]
[Site "Molnlycke kulturhus, Biblioteksgatan 2, Molnlycke, Sweden"]
[Date "2019.11.22"]
[Round "1.13"]
[White "Johansson, Stina"]
[Black "Morling, Joakim"]
[Result "0-1"]
[TimeControl "90 minutes + 30 seconds per move from move one"]
[WhiteFideId "1739026"]
[BlackFideId "1715933"]
[WhiteElo "1425"]
[BlackElo "2090"]

1. e4 b6 2. d4 e6 3. Nc3 Bb7 4.
Bc4 Bb4 5. d5 Nf6 6. Qd3 O-O 7. Bd2 exd5 8. Bxd5 Nxd5 9. Nxd5 Bxd2+ 10. Qxd2 Re8 11. Qd3 Qg5 12. Ne3 Bxe4 13. Nf3 Qxg2 14.
Nxg2 Bxd3+ 15. Kd2 Be4 16. Rhe1 Nc6 17. Re3 Bxf3 18. Rxf3 Re4 19. Rd1 Rae8 20. Kc1 d6 21. Rc3 Nd4 22.
Rxc7 a5 23. Rb7 Ne2+ 24. Kb1 Nf4 25. Ne3 Nh3 26. Rxb6 Nxf2 27. Re1 Ng4 28. Rxd6 Rxe3 29. Red1 f5 30. R6d5 R3e5 31. R5d4 Nxh2 32.
b3 g5 33. Rg1 Re1+ 34. Rxe1 Rxe1+ 35. Kb2 Re5 36. Rd2 Nf3 37. Rf2 g4 38. a3 h5 39. Rf1 h4 40. Rh1 h3 41. Kc3 Re1 42.
Rxe1 Nxe1 43. Kd2 Ng2 44. Ke2 h2 45. Kf2 h1=Q 46. c4 f4 47. c5 Qe1+ 48. Kxg2 Qe2+ 49. Kg1 f3 50. c6 Qg2# 0-1

[Event "Juniorallsvenskan 2019, Division 1 and 2"]
[Site "Molnlycke kulturhus, Biblioteksgatan 2, Molnlycke, Sweden"]
[Date "2019.11.22"]
[Round "1.14"]
[White "Tornberg, Carlos"]
[Black "Nystedt, Ludvig"]
[Result "1-0"]
[TimeControl "90 minutes + 30 seconds per move from move one"]
[WhiteFideId "1733478"]
[BlackFideId "1759540"]
[WhiteElo "1884"]
[BlackElo "1322"]

1. e4 e6 2. b3 d5 3. Bb2 dxe4 4. Nc3 Nf6 5. g4 h6 6. Bg2 Bc5 7. Qe2 Nc6 8. Nxe4 Nxe4 9. Qxe4 Bd4 10.
Bxd4 Qxd4 11. Qxd4 Nxd4 12. O-O-O Rb8 13. c3 Nb5 14. Nf3 b6 15. Ne5 Bb7 16. Nc6 O-O 17. Rhg1 Bxc6 18. Bxc6 Nd6 19.
g5 hxg5 20. Rxg5 f6 21. Rg4 Kf7 22. Rdg1 Nf5 23. Be4 Rg8 24. d4 g5 25. d5 Rh8 26. dxe6+ Kxe6 27. Re1 Rxh2 28. Bd3+ Kf7 29. Bxf5 Rxf2 30. Bc2 Rh8 31. Rd1 Rhh2 32.
Bb1 Kg7 33. Rgg1 Rf3 34. Rd7+ Kf8 35. Rxc7 Ke8 36. Rd1 1-0

[Event "Juniorallsvenskan 2019, Division 1 and 2"]
[Site "Molnlycke kulturhus, Biblioteksgatan 2, Molnlycke, Sweden"]
[Date "2019.11.22"]
[Round "1.15"]
[White "Johansson, Sigge"]
[Black "Ekberg, Karl"]
[Result "0-1"]
[TimeControl "90 minutes + 30 seconds per move from move one"]
[WhiteFideId "1742612"]
[BlackFideId "1726277"]
[WhiteElo "1245"]
[BlackElo "1867"]

1. e4 c6 2. d4 d5 3. e5 Bf5 4. Bf4 e6 5. Bd3 Bxd3 6. Qxd3 Qb6 7. Nc3 Qa6 8. Qxa6 Nxa6 9. a3 Ne7 10.
Nf3 Ng6 11. Be3 Be7 12. O-O O-O 13. Ne2 Rac8 14. c3 c5 15. Rac1 f6 16. Ng3 fxe5 17. Nxe5 Nxe5 18. dxe5 Nb8 19.
Ne2 Nd7 20. f4 Nb6 21. b3 a5 22. a4 Nd7 23. Rfd1 Rb8 24. Rb1 g6 25. g3 Rfd8 26. Bf2 Rbc8 27. Rb2 Nb8 28. Rbb1 Na6 29.
Kg2 Nc7 30. Ra1 Rb8 31. Rab1 b5 32. Kf1 bxa4 33. bxa4 Kf7 34. Kg2 Rdc8 35. Ra1 Rb2 36. Kf1 Rcb8 37. Ke1 Na6 38. Rdc1 c4 39.
Nd4 Nc5 40. Rc2 Rxc2 41. Nxc2 Nd3+ 42. Ke2 Nxf2 43. Kxf2 Rb3 44. Nd4 Rxc3 45. Nc6 Rb3 46. Nxa5 Rb6 47. Rc1 Bb4 48. Nxc4 dxc4 49.
Rxc4 Be7 50. Rc2 Rb3 51. Ra2 Ra3 52. Rxa3 Bxa3 53. a5 Ke7 54. a6 Kd7 55. Kf3 Kc7 56. Kg4 Be7 57. h4 h5+ 58.
Kh3 Kb6 59. g4 Kxa6 60. f5 hxg4+ 61. Kxg4 exf5+ 62. Kf4 Bxh4 0-1

[Event "Juniorallsvenskan 2019, Division 1 and 2"]
[Site "Molnlycke kulturhus, Biblioteksgatan 2, Molnlycke, Sweden"]
[Date "2019.11.22"]
[Round "1.16"]
[White "Ostenfeld, Valentin"]
[Black "Lyngsjo, Luke"]
[Result "1-0"]
[TimeControl "90 minutes + 30 seconds per move from move one"]
[WhiteFideId "1759183"]
[BlackFideId "1755811"]
[WhiteElo "1856"]
[BlackElo "1211"]

1. e4 e5 2. Nf3 Nf6 3. Nxe5 d6 4. Nf3 Nxe4 5. d4 d5 6. Bd3 Bf5 7. O-O Be7 8. Re1 O-O 9. c4 c6 10.
cxd5 cxd5 11. Nc3 Bb4 12. Qc2 Re8 13. a3 Bxc3 14. bxc3 Nd7 15. Bb2 Ndf6 16. Ne5 Nd7 17. f3 Nxe5 18.
dxe5 Qb6+ 19. Kf1 Rac8 20. fxe4 dxe4 21. Bxe4 Bxe4 22. Rxe4 Qg6 23. Re2 Qxc2 24. Rxc2 Rxe5 25. Re1 Rd5 26.
Rce2 Rdd8 27. Re7 Rb8 28. c4 Kf8 29. Bc3 Rdc8 30. Bb4 Kg8 31. Bd6 1-0

[Event "Juniorallsvenskan 2019, Division 1 and 2"]
[Site "Molnlycke kulturhus, Biblioteksgatan 2, Molnlycke, Sweden"]
[Date "2019.11.22"]
[Round "1.17"]
[White "Jonsson, Filip"]
[Black "Ytterberg, Felix"]
[Result "1-0"]
[TimeControl "90 minutes + 30 seconds per move from move one"]
[WhiteFideId "1739441"]
[BlackFideId "1740687"]
[WhiteElo "1952"]
[BlackElo "2005"]

1. c4 e5 2. g3 d6 3. Bg2 f5 4. Nc3 Nf6 5. d3 Be7 6. Nf3 c6 7. b4 Na6 8. Rb1 O-O 9. O-O h6 10.
b5 Nc5 11. bxc6 bxc6 12. Ba3 Ne6 13. Nh4 Qd7 14. Ng6 Rf7 15. Qa4 Nd8 16. c5 Ne8 17. Nxe7+ Rxe7 18. cxd6 Nxd6 19. Nd5 Rf7 20.
Nb6 axb6 21. Qxa8 Bb7 22. Qa4 Nb5 23. Bb2 Re7 24. Qb3+ Kh8 25. a4 Nd4 26. Bxd4 exd4 27. Qxb6 Rxe2 28.
Rfe1 Rd2 29. Qc5 Rxd3 30. Re7 Ne6 31. Qb4 Qc8 32. Rxb7 Kh7 33. Qe7 Rc3 34. Rb8 Rc1+ 35. Rxc1 Qxb8 36.
Qxe6 Qa7 37. Qxf5+ g6 38. Qf6 d3 39. Re1 d2 40. Re7+ Qxe7 41. Qxe7+ Kg8 42. Qd8+ Kf7 43. Qxd2 1-0

[Event "Juniorallsvenskan 2019, Division 1 and 2"]
[Site "Molnlycke kulturhus, Biblioteksgatan 2, Molnlycke, Sweden"]
[Date "2019.11.22"]
[Round "1.18"]
[White "Ivarsson, Sebastian"]
[Black "Derdic, Valentin"]
[Result "1-0"]
[TimeControl "90 minutes + 30 seconds per move from move one"]
[WhiteFideId "1738593"]
[BlackFideId "1763687"]
[WhiteElo "1969"]
[BlackElo "1647"]

1. d4 d5 2. c4 e6 3. Nf3 Nf6 4. Nc3 Be7 5. Bg5 O-O 6. e3 Nbd7 7. Rc1 c6 8. Bd3 dxc4 9. Bxc4 b5 10.
Bd3 Bb7 11. O-O a6 12. Qe2 Rc8 13. Rfd1 Re8 14. e4 h6 15. Bh4 c5 16. e5 Nh7 17. Bxe7 Qxe7 18. Ne4 cxd4 19. Rxc8 Rxc8 20.
Nd6 Bxf3 21. Nxc8 Qc5 22. Qxf3 Qxc8 23. Bxh7+ Kxh7 24. Qe4+ 1-0

[Event "Juniorallsvenskan 2019, Division 1 and 2"]
[Site "Molnlycke kulturhus, Biblioteksgatan 2, Molnlycke, Sweden"]
[Date "2019.11.22"]
[Round "1.19"]
[White "Mena, Markus"]
[Black "Dingertz, Erik"]
[Result "0-1"]
[TimeControl "90 minutes + 30 seconds per move from move one"]
[WhiteFideId "1745123"]
[BlackFideId "1741578"]
[WhiteElo "1405"]
[BlackElo "1892"]

1. e4 e5 2. Nf3 Nc6 3. Bb5 a6 4. Ba4 Nf6 5. O-O b5 6. Bb3 Bc5 7. Re1 O-O 8. c3 d6 9. d4 Bb6 10. h3 Bb7 11. Bg5 h6 12.
Bh4 Re8 13. Nbd2 exd4 14. cxd4 Nxd4 15. Nxd4 Bxd4 16. Rb1 g5 17. Bg3 Nd7 18. Nf3 Bb6 19. Bc2 Ne5 20. Nxe5 dxe5 21. Qf3 Kg7 22.
Rbd1 Qf6 23. Qc3 Rac8 24. Bb3 Bd4 25. Qc2 c5 26. Bd5 Bxd5 27. exd5 Qd6 28. Qe2 f6 29. b3 Qxd5 30. Qg4 Qf7 31.
Rc1 f5 32. Qe2 f4 33. Bh2 Qf5 34. Rc2 e4 35. Rec1 e3 36. b4 exf2+ 37. Kf1 Rxe2 38. Rxe2 Qd3 39. Rcc2 Qd1+ 0-1

[Event "Juniorallsvenskan 2019, Division 1 and 2"]
[Site "Molnlycke kulturhus, Biblioteksgatan 2, Molnlycke, Sweden"]
[Date "2019.11.22"]
[Round "1.21"]
[White "Wernberg, Hugo"]
[Black "Klosinski, Daniel"]
[Result "1/2-1/2"]
[TimeControl "90 minutes + 30 seconds per move from move one"]
[WhiteFideId "1737511"]
[BlackFideId "1726323"]
[WhiteElo "2020"]
[BlackElo "1742"]

1. e4 c5 2. Nf3 d6 3. d4 cxd4 4. Nxd4 Nf6 5. Nc3 a6 6. Bg5 e6 7. f4 Be7 8. Qf3 Nc6 9. O-O-O Nxd4 10.
Rxd4 Qb6 11. Qd1 h6 12. Bxf6 gxf6 13. Bc4 Qc5 14. Bb3 b5 15. f5 Rg8 16. Rd2 Rg5 17. Qf3 Qe5 18. Nd5 Ra7 19.
Qe3 Rb7 20. Nb6 Bd7 21. Nxd7 Kxd7 22.
g3 h5 23. Qd4 Rg4 24. Re1 h4 25. Qxe5 fxe5 26. gxh4 Bxh4 27. h3 Rg8 28. fxe6+ fxe6 29. Rf1 Bg5 30. Rf7+ Kc6 31. Rxb7 Kxb7 32.
Bxe6 Rf8 33. Kd1 Bxd2 34. Kxd2 Rf4 35. Ke3 Kb6 36. c3 Ka5 37. Bc8 Kb6 38. Be6 a5 39. b4 Rf1 40. Bb3 Rc1 41. Kd3 Rg1 42. Be6 Rg3+ 43.
Kd2 Kc7 44. Bg4 Rg2+ 45. Be2 Rh2 46. bxa5 Kb7 47. Kd1 Ka6 48. a4 Kxa5 49. axb5 Rxh3 50. Kd2 Kb6 51. Bd3 Kc5 52. Be2 Rh2 53.
Ke3 Rh3+ 54. Kd2 Rh2 55. Ke3 Rh3+ 56. Kd4+ Kd5+ 1/2-1/2

[Event "Juniorallsvenskan 2019, Division 1 and 2"]
[Site "Molnlycke kulturhus, Biblioteksgatan 2, Molnlycke, Sweden"]
[Date "2019.11.22"]
[Round "1.22"]
[White "Johansson-Ohman, Linnea"]
[Black "Ostlund, Joar"]
[Result "0-1"]
[TimeControl "90 minutes + 30 seconds per move from move one"]
[WhiteFideId "1737260"]
[BlackFideId "1735020"]
[WhiteElo "1660"]
[BlackElo "1955"]

1. d4 Nf6 2. c4 e6 3. Nf3 d5 4. g3 dxc4 5. Bg2 Bb4+ 6. Bd2 c5 7. Bxb4 cxb4 8. Qa4+ Nc6 9. Ne5 O-O 10.
Nxc6 bxc6 11. Qxb4 Ba6 12. Qd2 Qb6 13. O-O Rad8 14. Rd1 c5 15. e3 cxd4 16. exd4 Rd6 17. Nc3 Rfd8 18. Ne2 e5 19. d5 Bb7 20.
Nc3 Qc5 21. Qe2 Re8 22. Rac1 e4 23. Bxe4 Bxd5 24. Nxd5 Rxd5 25. Rxd5 Qxd5 26. Bxd5 Rxe2 27. Rxc4 g6 28. Bf3 Rxb2 29.
Ra4 Rd2 30. Rxa7 Nd7 31. Ra8+ Kg7 32. Rd8 Ne5 33. Bd5 Kf6 34. f4 Nf3+ 35. Bxf3 Rxd8 36. a4 Rd2 37. Kf1 Rxh2 38. Bg2 Rh5 39.
Ke2 Ra5 40. Bc6 Rc5 41. Bb5 Rc3 42. Kf2 Ra3 43. Bc6 Kf5 44. Bd7+ Ke4 45. Bb5 Ra2+ 46. Be2 f6 47. a5 Rxa5 48.
Bf3+ Kd3 49. Kg2 Ke3 50. Bc6 Ra2+ 51. Kh3 Kf2 52. Kh4 Rc2 53. Bd5 Rc5 54. Be6 Rh5+ 55. Kg4 f5+ 56. Bxf5 Rxf5 57.
Kh4 Kf3 58. g4 Rxf4 0-1